AoeStats
← DDARTHP

Arabia

508570799Analyzed
1v1 RM · 8d ago on Sep 23, 2026· 44m 26s· 2 players
Game mode
Random Map
Map size
Tiny (2 player)
Population
200
Speed
Normal
Resources
Standard
Victory
Conquest
Starting age
Dark Age
Ending age
Imperial Age
RankedLock teamsTeams togetherTeam positionsShared explorationLock speedFull tech treeHidden civsTurbo modeCheats
Victory
Defeat
🇺🇸 Japanese · United States
751
+16
🇨🇴 Spanish · Colombia
755
-16
Cient
6:43 Loom
9:36 Feudal Age
11:11 Double-Bit Axe
11:09 Man-at-Arms
12:30 Arson
13:40 Wheelbarrow
15:20 Scale Mail Armor
18:07 Fletching
18:31 Forging
23:27 Castle Age
25:30 Town Watch
26:14 Chain Mail Armor
27:03 Pikeman
30:07 Squires
31:06 Gambesons
32:29 Long Swordsman
39:10 Hand Cart
40:42 Town Patrol
43:43 Iron Casting
DDARTHP
11:49 Feudal Age
11:42 Loom
13:07 Double-Bit Axe
15:29 Man-at-Arms
21:07 Castle Age
24:29 Bloodlines
25:58 Bow Saw
27:42 Forging
30:19 Scale Barding Armor
32:19 Chain Barding Armor
31:51 Town Watch
35:39 Iron Casting
34:55 Fletching
39:18 Husbandry
43:02 Imperial Age
41:29 Gold Mining
42:19 Wheelbarrow
Connection lost

Rejoining the realm…

Still unreachable

The connection could not be restored.

Session expired

The server has moved on; the page needs a fresh start.